 Dungeon Crawl Stone Soup version 0.22-a0-447-gee5f723 (webtiles) character file.

229 jerryfan the Vexing (level 6, 0/47 HPs)
             Began as a Gnoll Arcane Marksman on June 2, 2018.
             Killed from afar by an orc wizard (8 damage)
             ... with a magic dart
             ... on level 3 of the Dungeon on June 3, 2018.
             The game lasted 00:14:33 (2406 turns).

jerryfan the Vexing (Gnoll Arcane Marksman)         Turns: 2406, Time: 00:14:34

Health: 0/47       AC:  7    Str: 13    XL:     6   Next: 3%
Magic:  2/10       EV: 14    Int: 16    God:
Gold:   155        SH:  0    Dex: 16    Spells: 5/11 levels left

rFire    . . .     SeeInvis .   a - +0 shortbow
rCold    + . .     Gourm    .   (shield currently unavailable)
rNeg     . . .     Faith    .   s - +2 leather armour {rC+}
rPois    .         Spirit   .   l - +0 helmet
rElec    .         Reflect  .   (no cloak)
rCorr    .         Harm     .   (no gloves)
MR       .....                  h - +0 pair of boots
Stlth    ++........             (no amulet)
HPRegen  0.15/turn              (no ring)
MPRegen  0.12/turn              (no ring)

@: very slightly contaminated
A: distributed training, fangs 1, strong nose
a: no special abilities


You were on level 3 of the Dungeon.
You were not hungry.

You visited 1 branch of the dungeon, and saw 3 of its levels.

You collected 155 gold pieces.

Inventory:

Hand Weapons
 a - a +0 shortbow (weapon)
 k - a +1 dagger of speed
 q - a +0 blowgun
Missiles
 d - 7 arrows (quivered)
 p - 10 poisoned needles
Armour
 e - a +0 robe
 h - a +0 pair of boots (worn)
 l - a +0 helmet (worn)
 s - a +2 leather armour of cold resistance (worn)
Scrolls
 b - a scroll of teleportation {unknown}
 c - a scroll of remove curse
 i - a scroll of amnesia
 m - a scroll of enchant armour
Potions
 g - 3 potions of curing
 n - a potion of degeneration {unknown}
 o - a potion of haste {unknown}
 r - a potion of lignification {unknown}
Comestibles
 f - 3 rations
 j - 3 chunks of flesh


   Skills:
 + Level 3.1 Fighting
 + Level 1.7 Short Blades
 + Level 1.7 Long Blades
 + Level 1.7 Axes
 + Level 1.7 Maces & Flails
 + Level 1.7 Polearms
 + Level 1.7 Staves
 + Level 1.7 Slings
 + Level 4.9 Bows
 + Level 1.7 Crossbows
 + Level 1.7 Throwing
 + Level 1.7 Armour
 + Level 4.9 Dodging
 + Level 1.7 Stealth
 + Level 1.7 Shields
 + Level 1.7 Unarmed Combat
 + Level 3.3 Spellcasting
 + Level 1.3 Conjurations
 + Level 5.6 Hexes
 + Level 1.3 Charms
 + Level 1.3 Summonings
 + Level 1.3 Necromancy
 + Level 1.3 Translocations
 + Level 1.3 Transmutations
 + Level 1.3 Fire Magic
 + Level 1.3 Ice Magic
 + Level 1.3 Air Magic
 + Level 1.3 Earth Magic
 + Level 1.3 Poison Magic
 + Level 1.9 Invocations
 + Level 1.7 Evocations


You had 5 spell levels left.
You knew the following spells:

 Your Spells              Type           Power        Failure   Level  Hunger
a - Corona                Hex            ###....      2%          1    None
b - Slow                  Hex            ###.....     3%          2    ##.....
c - Inner Flame           Hex/Fire       ##......     17%         3    ###....

Your spell library contained the following spells:

 Spells                   Type           Power        Failure   Level  Hunger
 Cause Fear               Hex            ###.......   22%         4    ####...
 Portal Projectile        Hex/Tloc       ##....       17%         3    ###....
 Leda's Liquefaction      Hex/Erth       ##........   50%         4    ####...


Dungeon Overview and Level Annotations

Branches:
Dungeon (3/15)

Altars:
Kikubaaqudgha
Uskayaw
Xom


Innate Abilities, Weirdness & Mutations

Your experience applies equally to all skills.
You have very sharp teeth.
Your uncanny sense of smell can sniff out nearby items.


Message History

Aim: an orc priest (moderately wounded, inner flame)
You shoot an arrow.
The arrow closely misses the orc priest.
The arrow hits the orc.
The orc is heavily wounded.
The orc wizard casts a spell at you. The magic dart hits you!
Firing (i - inventory)
d - 8 arrows (quivered)
Press: ? - help, Shift-Dir - straight line, f/p - orc priest
Aim: an orc priest (moderately wounded, inner flame)
You shoot an arrow. The arrow hits the orc priest!
The orc priest is severely wounded.
The orc priest mumbles some strange prayers to Beogh against you.
Pain shoots through your body!
* * * LOW HITPOINT WARNING * * *
The orc wizard barely misses you.
A rat comes into view.
The orc wizard gestures at you while chanting.
The magic dart hits you!
You die...

...(.g..........#
.............###..##
................... #
#.....(..........## ..
#.$#.######.###..#
##.#..#.######.###..###
r...........[)........
<#.#..#.######.###..###
......o.@......# #
......#.######.# #..#.
#§# #.# . .. #§# ### #.
#o# ..


ooo ∆ ∆ # .o. #.# You could see 3 orc priests, an orc wizard, an orc and a rat.

Vanquished Creatures
  An orc priest (D:3)
  Jessica (D:2)
  Robin (D:2)
  4 gnolls (D:2)
  3 adders
  An ooze (D:2)
  2 worms
  2 dart slugs (D:1)
  A leopard gecko (D:1)
  7 orcs
  A ball python (D:2)
  2 giant cockroaches (D:2)
  13 goblins
  10 hobgoblins
  5 jackals (D:1)
  6 bats
  2 frilled lizards (D:2)
  10 kobolds
  5 rats
77 creatures vanquished.

Notes
Turn   | Place    | Note
-------+----------+-------------------------------------------
     0 | D:1      | jerryfan the Gnoll Arcane Marksman began the quest for the Orb.
     0 | D:1      | Reached XP level 1. HP: 17/17 MP: 4/4
   250 | D:1      | Reached XP level 2. HP: 17/23 MP: 5/5
   697 | D:2      | Reached XP level 3. HP: 28/28 MP: 5/7
   701 | D:2      | Learned a level 2 spell: Slow
   705 | D:2      | Learned a level 3 spell: Inner Flame
   977 | D:2      | Reached skill level 1 in Invocations
  1018 | D:2      | Reached skill level 1 in Short Blades
  1018 | D:2      | Reached skill level 1 in Long Blades
  1018 | D:2      | Reached skill level 1 in Axes
  1018 | D:2      | Reached skill level 1 in Maces & Flails
  1018 | D:2      | Reached skill level 1 in Polearms
  1018 | D:2      | Reached skill level 1 in Staves
  1018 | D:2      | Reached skill level 1 in Slings
  1018 | D:2      | Reached skill level 1 in Crossbows
  1018 | D:2      | Reached skill level 1 in Throwing
  1018 | D:2      | Reached skill level 1 in Armour
  1018 | D:2      | Reached skill level 1 in Stealth
  1018 | D:2      | Reached skill level 1 in Shields
  1018 | D:2      | Reached skill level 1 in Unarmed Combat
  1018 | D:2      | Reached skill level 1 in Evocations
  1018 | D:2      | Noticed Robin
  1022 | D:2      | Killed Robin
  1022 | D:2      | Reached XP level 4. HP: 34/34 MP: 2/8
  1412 | D:2      | Reached skill level 1 in Conjurations
  1412 | D:2      | Reached skill level 1 in Charms
  1412 | D:2      | Reached skill level 1 in Summonings
  1412 | D:2      | Reached skill level 1 in Necromancy
  1412 | D:2      | Reached skill level 1 in Translocations
  1412 | D:2      | Reached skill level 1 in Transmutations
  1412 | D:2      | Reached skill level 1 in Fire Magic
  1412 | D:2      | Reached skill level 1 in Ice Magic
  1412 | D:2      | Reached skill level 1 in Air Magic
  1412 | D:2      | Reached skill level 1 in Earth Magic
  1412 | D:2      | Reached skill level 1 in Poison Magic
  1426 | D:2      | Reached XP level 5. HP: 34/40 MP: 3/9
  1496 | D:2      | Upgraded the game from 0.22-a0-445-g8c8ef71 to 0.22-a0-447-gee5f723
  1810 | D:2      | Noticed Jessica
  1820 | D:2      | Killed Jessica
  2115 | D:3      | Found a shimmering altar of Xom.
  2123 | D:3      | Found an ancient bone altar of Kikubaaqudgha.
  2125 | D:3      | Found a hide-covered altar of Uskayaw.
  2341 | D:3      | Reached XP level 6. HP: 38/47 MP: 10/10
  2406 | D:3      | Killed from afar by an orc wizard

Vault maps used:
D:1:      lemuel_arrival_hallway, solitary_fountain, grunt_decor_arrowhead
D:2:      uniq_robin, uniq_jessica
D:3:      nicolae_tso_swordbearing_angel, gammafunk_temple_overflow_forgotten,
          hex_medium, serial_park_tiny_2, lemuel_statue_altar, uniq_natasha,
          uniq_crazy_yiuf_cottage

Skill      XL: |  1  2  3  4  5 |
---------------+----------------+-----
Invocations    | 1 |  1.9
Short Blades   | 1 |  1.7
Long Blades    | 1 |  1.7
Axes           | 1 |  1.7
Maces & Flails | 1 |  1.7
Polearms       | 1 |  1.7
Staves         | 1 |  1.7
Slings         | 1 |  1.7
Crossbows      | 1 |  1.7
Throwing       | 1 |  1.7
Armour         | 1 |  1.7
Stealth        | 1 |  1.7
Shields        | 1 |  1.7
Unarmed Combat | 1 |  1.7
Evocations     | 1 |  1.7
Spellcasting   | 3 |  3.3
Conjurations   | 1 |  1.3
Charms         | 1 |  1.3
Summonings     | 1 |  1.3
Necromancy     | 1 |  1.3
Translocations | 1 |  1.3
Transmutations | 1 |  1.3
Fire Magic     | 1 |  1.3
Ice Magic      | 1 |  1.3
Air Magic      | 1 |  1.3
Earth Magic    | 1 |  1.3
Poison Magic   | 1 |  1.3
Fighting       | 3 |  3.1
Bows           | |  4.9
Dodging        | |  4.9
Hexes          | |  5.6

Action                   |  1- 3 |  4- 6 || total
-------------------------+-------+-------++-------
Melee: Dagger            |       |    18 ||    18
       Bite              |       |     1 ||     1
 Fire: Shortbow          |   100 |   129 ||   229
       Blowgun           |       |     7 ||     7
 Cast: Corona            |     2 |     2 ||     4
       Slow              |     5 |     8 ||    13
       Inner Flame       |     1 |     5 ||     6
  Use: Potion            |       |     1 ||     1
       Scroll            |       |     3 ||     3
  Eat: Chunk             |       |     2 ||     2
       Ration            |       |     1 ||     1
Armor: Robe              |     8 |     4 ||    12
       Leather armour    |       |     1 ||     1
Dodge: Dodged            |    41 |    31 ||    72

Table legend:
 A = Spawn XP
 B = Non-spawn XP
 C = Spawn XP percentage of total XP
 D = Spawn monster count
 E = Non-spawn monster count
 F = Spawn count percentage of total count
 G = Total turns spent on level
                    A         B        C        D         E        F      G
               +---------+---------+-------+---------+---------+-------+---------
         Total |       0 |     328 |   0.0 |       0 |      77 |   0.0 |  2406
               +---------+---------+-------+---------+---------+-------+---------
           D:1 |       0 |      32 |   0.0 |       0 |      17 |   0.0 |   692
           D:2 |       0 |     193 |   0.0 |       0 |      41 |   0.0 |  1369
           D:3 |       0 |     103 |   0.0 |       0 |      19 |   0.0 |   345
               +---------+---------+-------+---------+---------+-------+---------
